 Dungeon Crawl Stone Soup version bcrawl-1.14.2-1-gc900083943 (webtiles) character file.

Game seed: 18431154558950025853

105 Chiseanne the Charlatan (level 4, 0/29 HPs)
             Began as an Octopode Archaeologist on Sept 21, 2019.
             Was an Initiate of Vehumet.
             Slain by a bullfrog (5 damage)
             ... on level 3 of the Dungeon.
             The game lasted 00:02:44 (2123 turns).

Chiseanne the Charlatan (Octopode Archaeologist)    Turns: 2123, Time: 00:02:45

Health: 0/29       AC:  2    Str: 10    XL:     4   Next: 81%
Magic:  7/7        EV: 14    Int: 16    God:    Vehumet [......]
Gold:   141        SH:  0    Dex: 11    Spells: 3/3 levels left

rFire    . . .     SeeInvis .   a - +0 whip
rCold    . . .     Gourm    .   (no shield)
rNeg     . . .     Faith    .   b - +1 hat
rPois    .         Spirit   .   (cloak restricted)
rElec    .         Reflect  .   (no amulet)
rCorr    .         Harm     .   (no ring)
MR       .....                  (no ring)
Stlth    ++++......             (no ring)
HPRegen  0.09/turn              (no ring)
MPRegen  0.10/turn              (no ring)
                                (no ring)
                                (no ring)
                                (no ring)

@: about to teleport, studying Evocations
A: almost no armour, stealthy swim, amphibious, 8 rings, constrict 8, camouflage
1, gelatinous body 1
a: Renounce Religion


You were on level 3 of the Dungeon.
You worshipped Vehumet.
Vehumet was noncommittal.
You were hungry.

You visited 1 branch of the dungeon, and saw 3 of its levels.

You collected 141 gold pieces.

Inventory:

Hand Weapons
 a - a +0 whip (weapon)
Missiles
 l - 272 stones (quivered)
 n - 161 sling bullets
Armour
 b - a +1 hat (worn)
Jewellery
 j - a cursed -5 ring of slaying {unknown}
Potions
 g - 2 potions of curing {unknown}
 h - a potion of brilliance {unknown}
 i - 3 potions of heal wounds {unknown}
 k - a potion of haste {unknown}
 m - a potion of agility {unknown}
Books
 c - a manual of Evocations
Miscellaneous
 d - an ancient crate
Comestibles
 f - 3 rations {!d}


   Skills:
 - Level 1.7 Fighting
 - Level 1.0 Maces & Flails
 - Level 3.4 Dodging
 - Level 5.0 Stealth
 + Level 5.2 Evocations


You had 3 spell levels left.
You didn't know any spells.
Your spell library was empty.

Dungeon Overview and Level Annotations

Branches:
Dungeon (3/12)

Altars:
Vehumet


Innate Abilities, Weirdness & Mutations

You cannot wear most types of armour.
You are very stealthy in the water. (Stealth+)
You are amphibious.
You can wear up to eight rings at the same time.
You can use your tentacles to constrict eight enemies at once.
Your skin changes colour to match your surroundings (Stealth+).
Your rubbery body absorbs attacks. (AC +1, EV +1)


Message History

The adder is severely wounded.
You constrict the adder. The adder barely misses you.
The leopard gecko closely misses you.
You hit the adder but do no damage.
The adder is almost dead.
You constrict the adder.
You kill the adder!
Vehumet accepts your kill.
Your Evocations skill increases to level 5!
The bullfrog hits you! The leopard gecko misses you. The bullfrog misses you.
The leopard gecko closely misses you. The bullfrog hits you!
* * * LOW HITPOINT WARNING * * *
The bullfrog misses you. The bullfrog misses you.
As you read the scroll of teleportation, it crumbles to dust.
You feel strangely unstable. The bullfrog closely misses you.
The bullfrog hits you.
You die...

#.........# #..(......#
####.........#
#......#######
#......+..####
#......##.#..#
#.......l.'..#
#####+#.#F#..# ...#@#..#
.[...#.#..############
#.....#)#.............#
#...#.#.#.####....[...##
#...+.#.#....+.........#
....###.######.........#
#.# +......)... ..#
#..<......# ####'#'##.#


You could see a bullfrog and a leopard gecko.

Vanquished Creatures
  A hound (D:2)
  2 adders
  2 worms
  3 dart slugs
  2 leopard geckos
  2 bats
  3 giant cockroaches
  3 goblins
  5 hobgoblins
  4 jackals (D:1)
  4 kobolds
  A quokka (D:2)
  A ball python (D:2)
  A frilled lizard (D:1)
  7 rats
41 creatures vanquished.

Notes
Turn   | Place    | Note
-------+----------+-------------------------------------------
     0 | D:1      | Chiseanne the Octopode Archaeologist began the quest for
                  | the Orb.
     0 | D:1      | Reached XP level 1. HP: 13/13 MP: 1/1
   150 | D:1      | Reached XP level 2. HP: 18/18 MP: 2/2
   472 | D:1      | Reached skill level 5 in Stealth
   472 | D:1      | Reached XP level 3. HP: 11/24 MP: 3/3
   742 | D:1      | Reached skill level 1 in Evocations
  1162 | D:2      | Found a radiant altar of Vehumet.
  1247 | D:2      | Became a worshipper of Vehumet
  1282 | D:2      | Reached XP level 4. HP: 20/29 MP: 5/7
  1422 | D:2      | Found a faded altar of an unknown god.
  2109 | D:3      | Noticed a bullfrog
  2114 | D:3      | Reached skill level 5 in Evocations
  2123 | D:3      | Slain by a bullfrog

Skill      XL: |  1  2  3  4 |
---------------+-------------+-----
Stealth        | 5 |  5.0
Evocations     | 4 5 |  5.2
Fighting       | |  1.7
Maces & Flails | |  1.0
Dodging        | |  3.4

Action                   |  1- 3 |  4- 6 || total
-------------------------+-------+-------++-------
Melee: Whip              |    75 |    21 ||    96
       Constrict         |    24 |     6 ||    30
       Tentacles         |    16 |     6 ||    22
  Use: Scroll            |       |     2 ||     2
 Stab: Sleeping          |     9 |     6 ||    15
  Eat: Chunk             |     1 |     2 ||     3
Armor: Skin              |    17 |       ||    17
Dodge: Dodged            |    57 |    16 ||    73
